 Dungeon Crawl Stone Soup version 0.30-a0-777-ga9a30cbeda (webtiles) character file.

Game seed: 16819302430125233744

14018 runemasterragnar the Skirmisher (level 11, -11/99 HPs)
             Began as a Minotaur Hunter on Feb 13, 2023.
             Was a High Priest of Okawaru.
             Killed from afar by Jorgrun (36 damage)
             ... with an iron shot
             ... on level 11 of the Dungeon on Feb 14, 2023.
             The game lasted 00:21:30 (10664 turns).

runemasterragnar the Skirmisher (Minotaur Hunter)  Turns: 10664, Time: 00:21:30

Health: -11/99     AC: 17    Str: 16    XL:     11   Next: 83%
Magic:  16/16      EV:  3    Int:  8    God:    Okawaru [*****.]
Gold:   491        SH:  0    Dex: 16    Spells: 9/10 levels left

rFire   . . .      SeeInvis +    z - +2 triple crossbow (freeze)
rCold   . . .      Faith    .    (shield currently unavailable)
rNeg    . . .      Spirit   .    C - +0 acid dragon scales
rPois   .          Reflect  .    A - +2 hat
rElec   .          Harm     .    r - +2 cloak
rCorr   +          Rampage  .    (no gloves)
Will    .....                    (no boots)
Stlth   ++                       (no amulet)
HPRegen 0.36/turn                f - +4 ring of protection
MPRegen 0.15/turn                S - ring of see invisible

@: petrifying, grasped by roots, constricted, studying 2 skills, very slow
A: horns 2, retaliatory headbutt
a: Renounce Religion, Heroism, Finesse, Duel


You were on level 11 of the Dungeon.
You worshipped Okawaru.
Okawaru was extremely pleased with you.
You visited 2 branches of the dungeon, and saw 13 of its levels.
You also visited: Ice Cave.

You collected 777 gold pieces.
You spent 286 gold pieces at shops.

Inventory:

Hand Weapons
 a - a +1 shortbow
 h - a +1 dagger of venom
 n - a +0 long sword
 x - a +2 flail of protection
 z - a +2 triple crossbow of freezing (weapon)
Missiles
 i - 7 javelins
Armour
 c - a +0 leather armour
 q - a +0 ring mail
 r - a +2 cloak (worn)
 A - a +2 hat (worn)
 C - +0 acid dragon scales (worn)
 I - a +0 scale mail
 N - a +0 plate armour
Jewellery
 f - a +4 ring of protection (left hand)
 g - an amulet of guardian spirit
 J - a ring of positive energy
 O - a ring of positive energy
 S - a ring of see invisible (right hand)
Wands
 p - a wand of paralysis (4)
 B - a wand of flame (20)
 P - a wand of mindburst (19)
 T - a wand of polymorph (1)
Scrolls
 b - 3 scrolls of immolation
 m - 2 scrolls of vulnerability
 w - 2 scrolls of teleportation
 y - 2 scrolls of magic mapping
 E - 2 scrolls of fog
 F - 3 scrolls of amnesia
 H - a scroll of identify
 M - a scroll of summoning
Potions
 d - a potion of berserk rage {unknown}
 e - 10 potions of curing
 j - a potion of degeneration
 k - a potion of haste
 l - 4 potions of ambrosia
 o - 3 potions of lignification {unknown}
 s - a potion of heal wounds {unknown}
 t - 3 potions of mutation
 u - a potion of cancellation {unknown}
 v - 2 potions of might
 D - 2 potions of attraction {unknown}
 G - 2 potions of resistance
 K - 3 potions of flight
 L - 2 potions of invisibility {unknown}
 Q - a potion of magic {unknown}
 R - 5 potions of brilliance


   Skills:
 + Level 9.9 Fighting
 * Level 13.1 Ranged Weapons
 + Level 9.3 Armour
 - Level 3.2 Dodging
 - Level 2.0 Stealth
 + Level 8.5 Unarmed Combat
 + Level 8.6 Invocations


You had 9 spell levels left.
You knew the following spells:

 Your Spells              Type           Power      Damage    Failure   Level
a - Apportation           Tloc           0%         N/A       50%         1

Your spell library contained the following spells:

 Spells                   Type           Power      Damage    Failure   Level
 Magic Dart               Conj           0%         1d3       50%         1
 Lesser Beckoning         Tloc           0%         N/A       63%         2
 Gell's Gravitas          Tloc           0%         N/A       86%         3
 Mephitic Cloud           Conj/Pois/Air  0%         N/A       86%         3
 Teleport Other           Tloc           0%         N/A       86%         3
 Alistair's Intoxication  Tmut/Pois      0%         N/A       100%        5
 Dispersal                Tloc           0%         N/A       100%        6
 Call Imp                 Summ           Unusable   N/A       N/A         2

Dungeon Overview and Level Annotations

Branches:
Dungeon (12/15)            Temple (1/1) D:6            Lair (0/5) D:9
    Orc (0/2) D:9           IceCv (visited)

Altars:
Ashenzari
Cheibriados
Dithmenos
Elyvilon
Fedhas
Hepliaklqana
Kikubaaqudgha
Makhleb
Nemelex Xobeh
Okawaru
Qazlal
Ru
Sif Muna
Trog
Uskayaw
Wu Jian
Xom
Yredelemnul
Zin
The Shining One

Shops:
D:9 !

Annotations:
D:11 4 runed translucent doors, Jorgrun


Innate Abilities, Weirdness & Mutations

You have a pair of horns on your head.
You reflexively headbutt those who attack you in melee.


Message History

The slime creature quivers.
Jorgrun hits you with a staff of earth! Jorgrun closely misses you.
Unknown command.
Jorgrun hits you but does no damage.
You climb upwards.
Level annotation: 4 runed translucent doors
There is a stone staircase leading down here.
Fire: z) +2 triple crossbow (freeze)
Press: ? - help, Q - select action, (/) - cycle Shift-Dir - straight line, f - Jorgrun
Aim: Jorgrun, wielding a staff of earth and wearing a +0 robe (moderately wounded, 54% to hit)
You shoot a bolt. The bolt barely misses Jorgrun.
Jorgrun casts a spell next to you.
The metal wall shatters!
The blast of metal fragments hits you!!!
You hear an angry growl. x5; You hear an angry hiss.
You hear a bellow!
You hear an angry growl.
Unknown command.
Fire: z) +2 triple crossbow (freeze)
Press: ? - help, Q - select action, (/) - cycle Shift-Dir - straight line, f/p - Jorgrun
Aim: Jorgrun, wielding a staff of earth and wearing a +0 robe (moderately wounded, 54% to hit)
You shoot a bolt. The bolt hits Jorgrun!
The bolt freezes Jorgrun.
Jorgrun is heavily wounded.
Jorgrun says, "May tha earth consume ye!"
Jorgrun casts a spell at you.
Roots burst forth from the earth!
The grasping roots grab you! The grasping roots constrict you!
Jorgrun casts a spell at you.
You are slowing down.
The grasping roots constrict you!
* * * LOW HITPOINT WARNING * * *
Your limbs are stiffening.
Unknown command.
Okay, then.
Okay, then.
Okay, then.
The roots grasp on you weakens, but your attempt to escape fails.
Jorgrun casts a spell at you. The iron shot hits you!!!
You die...

.......#...##### #.# #.#
######...### #.# #.#
##.## #.## ##.## #.#
#..####...# #.#
##..[...... #.# #######
#.####...# #.#
#.....###.#####.##
######.#
#.##............#
#.....<#
#####@##............#
#.######
##...g.##.####.####..#
#.# #...####### #.# #..#
#.#
#...#h.[..####.####..##
#.#
#...#lh...#............
#.#
#...+lhh[.##...........
##.##
###...+hhh..##.#..###...#
....#
#.#...+hh...##..#..[....#
##..#
#.#...+hhh..##.#..##.#..#


You could see Jorgrun.

Vanquished Creatures
  Snorg (D:11)
  2 boulder beetles
  Joseph (D:8)
  A gargoyle (D:11)
  An unseen horror (D:11)
  A kobold demonologist (D:9)
  2 ice devils (D:11)
  6 trolls
  Prince Ribbit (D:8)
  2 hornets
  A shadow (D:11)
  19 yaks
  A wraith (D:10)
  2 wyverns
  4 steam dragons
  Grum (D:8)
  2 wargs (D:9)
  3 vampire mosquitoes (D:11)
  An acid dragon (D:10)
  6 orc warriors
  3 black bears
  2 ice beasts
  3 ogres
  4 sky beasts
  2 wolves (D:8)
  3 centaurs
  A kobold brigand (D:9)
  2 scorpions
  3 bullfrogs
  A gnoll sergeant (D:9)
  A necrophage (D:5)
  8 killer bees
  3 electric eels (D:9)
  2 howler monkeys
  5 orc priests
  4 hounds
  A jelly (D:7)
  4 iguanas
  8 orc wizards
  Robin (D:2)
  12 gnolls
  10 adders
  A shadow imp (D:7)
  2 white imps (D:6)
  An ufetubus (D:5)
  2 worms
  A dart slug (D:3)
  29 orcs
  6 bats
  5 endoplasms
  4 giant cockroaches (D:1)
  21 goblins
  5 hobgoblins
  6 kobolds
  4 quokkas
  6 ball pythons
  3 frilled lizards
  6 rats
243 creatures vanquished.

Vanquished Creatures (others)
  A kobold (D:9)
  A fungus (D:2)
  2 plants (D:2)
4 creatures vanquished.

Grand Total: 247 creatures vanquished

Notes
Turn   | Place    | Note
-------+----------+-------------------------------------------
     0 | D:1      | runemasterragnar the Minotaur Hunter began the quest for
                  | the Orb.
     0 | D:1      | Reached XP level 1. HP: 18/18 MP: 0/0
    53 | D:1      | Reached skill level 1 in Stealth
    98 | D:1      | Reached XP level 2. HP: 25/25 MP: 1/1
   558 | D:2      | Reached XP level 3. HP: 31/31 MP: 2/2
   638 | D:2      | Noticed Robin
   646 | D:2      | Killed Robin
   647 | D:2      | Reached skill level 5 in Ranged Weapons
   685 | D:2      | Reached XP level 4. HP: 30/38 MP: 3/3
  1128 | D:2      | Found a faded altar of an unknown god.
  1387 | D:3      | Reached XP level 5. HP: 42/46 MP: 4/4
  1450 | D:3      | Reached skill level 1 in Unarmed Combat
  1544 | D:3      | Found a sparkling altar of Nemelex Xobeh.
  1589 | D:3      | Found a hazy altar of Hepliaklqana.
  1590 | D:3      | Found a shimmering altar of Xom.
  1591 | D:3      | Found a basalt altar of Yredelemnul.
  1595 | D:3      | Found a bloodstained altar of Trog.
  1863 | D:4      | Reached skill level 1 in Armour
  2046 | D:4      | Reached XP level 6. HP: 51/52 MP: 5/5
  2312 | D:4      | Identified the +0 leather armour of a ziggurat {-Tele rElec
                  | rPois Stlth+}
  2605 | D:5      | Entered Level 5 of the Dungeon
  2626 | D:5      | Reached skill level 6 in Ranged Weapons
  2752 | D:5      | Noticed an ice beast
  2760 | D:5      | Killed an ice beast
  2779 | D:5      | Reached XP level 7. HP: 60/60 MP: 6/6
  2862 | D:5      | Reached skill level 5 in Fighting
  2862 | D:5      | Reached skill level 7 in Ranged Weapons
  3147 | D:6      | Found a staircase to the Ecumenical Temple.
  3168 | Temple   | Entered the Ecumenical Temple
  3227 | Temple   | Became a worshipper of Warmaster Okawaru
  3249 | D:6      | Reached XP level 8. HP: 69/69 MP: 7/7
  3268 | D:6      | Noticed a troll
  3282 | D:6      | Killed a troll
  3283 | D:6      | Reached skill level 1 in Invocations
  3457 | D:6      | Reached skill level 8 in Ranged Weapons
  3828 | D:6      | Found a hide-covered altar of Uskayaw.
  3997 | D:7      | Reached * piety under Okawaru
  4126 | D:7      | Reached skill level 5 in Armour
  4353 | D:7      | Reached skill level 9 in Ranged Weapons
  4353 | D:7      | Reached XP level 9. HP: 72/78 MP: 9/9
  4468 | D:7      | Reached skill level 5 in Unarmed Combat
  4605 | D:7      | Reached ** piety under Okawaru
  4862 | D:8      | Noticed Joseph
  4886 | D:8      | Killed Joseph
  5349 | D:8      | Noticed Grum
  5354 | D:8      | Reached skill level 10 in Ranged Weapons
  5360 | D:8      | Killed Grum
  5426 | D:8      | Noticed Prince Ribbit
  5436 | D:8      | Killed Prince Ribbit
  5436 | D:8      | Reached *** piety under Okawaru
  6369 | D:9      | Reached XP level 10. HP: 88/88 MP: 12/12
  6613 | D:8      | Identified 2 scrolls of acquirement
  6613 | D:8      | Acquired a +2 triple crossbow of freezing
  6617 | D:8      | Acquired a manual of Invocations
  7025 | D:9      | Acquired a manual of Hexes
  7178 | D:9      | Found a staircase to the Orcish Mines.
  7181 | D:9      | Reached skill level 5 in Invocations
  7193 | D:9      | Reached **** piety under Okawaru
  7251 | D:9      | Reached skill level 11 in Ranged Weapons
  7266 | D:9      | Found Xuigazuen's Distillery.
  7274 | D:9      | Bought a potion of degeneration for 13 gold pieces
  7274 | D:9      | Bought a potion of brilliance for 52 gold pieces
  7274 | D:9      | Bought a potion of flight for 39 gold pieces
  7274 | D:9      | Bought a potion of haste for 130 gold pieces
  7274 | D:9      | Bought a potion of might for 52 gold pieces
  7357 | D:9      | Found a staircase to the Lair.
  7728 | D:10     | Entered Level 10 of the Dungeon
  7949 | D:10     | Reached ***** piety under Okawaru
  8000 | D:10     | Learned a level 1 spell: Apportation
  8033 | D:10     | Received a gift from Okawaru
  8131 | D:10     | Reached XP level 11. HP: 95/95 MP: 14/14
  8326 | D:10     | Reached skill level 12 in Ranged Weapons
  8897 | D:10     | Noticed a boulder beetle
  8903 | D:10     | Killed a boulder beetle
  9379 | D:11     | Noticed a boulder beetle
  9386 | D:11     | Killed a boulder beetle
  9506 | D:11     | Found a frozen archway.
  9554 | IceCv    | Entered an ice cave
 10014 | D:11     | Noticed Snorg
 10034 | D:11     | Killed Snorg
 10035 | D:11     | Reached skill level 13 in Ranged Weapons
 10497 | D:11     | Found a huge runed translucent gate.
 10497 | D:11     | Found a huge runed translucent gate.
 10497 | D:11     | Found a huge runed translucent gate.
 10497 | D:11     | Found a huge runed translucent gate.
 10656 | D:12     | Noticed Jorgrun
 10664 | D:11     | Killed from afar by Jorgrun

Illustrated notes

Levels and vault maps discovered:
D:1:      dpeg_arrival_simpleton_b, layout_basic
D:2:      layout_loops_cross, shapermc_ecumenical_altar_mp_ritualfount,
          uniq_robin
D:3:      layout_basic, minitemple
D:4:      layout_basic
D:5:      layout_cave_pools
D:6:      layout_cave_pools, lemuel_tele_altar, minmay_temple_entry_wispy,
          minmay_fractal_squares_gapless_5
D:7:      lemuel_ice_spiral_2, layout_rooms
D:8:      layout_basic, minmay_misc_feat_pillars, uniq_prince_ribbit1,
          uniq_grum, uniq_joseph
D:9:      layout_loops_ring, erik_lair_orcish_takeover, erik_orc_2,
          serial_shops, shop
D:10:     lemuel_troll_bridge, layout_irregular_city, kennysheep_nondescript
D:11:     lemuel_bear_cage, layout_loops_ring, portal_ice_cave_demonic_guard,
          uniq_snorg
D:12:     layout_rooms, uniq_jorgrun, uniq_frances
Temple:   nicolae_temple_superstar

Skill      XL: |  1  2  3  4  5  6  7  8  9 10 11 |
---------------+----------------------------------+-----
Stealth        | 1 2 |  2.0
Fighting       | 3 4 5 6 7 8 9 |  9.9
Ranged Weapons | 5 6 7 9 10 11 13 | 13.1
Dodging        | 3 |  3.2
Unarmed Combat | 1 2 3 4 6 7 8 |  8.5
Armour         | 1 2 3 5 6 8 9 |  9.3
Invocations    | 2 4 6 8 |  8.6

Action                     |  1- 3 |  4- 6 |  7- 9 | 10-12 || total
---------------------------+-------+-------+-------+-------++-------
  Melee: Dagger            |    28 |    74 |    12 |    14 ||   128
         Headbutt          |     4 |    17 |    47 |    28 ||    96
         Flail             |       |    19 |   192 |    76 ||   287
         Punch             |       |       |     6 |     8 ||    14
   Fire: Shortbow          |    87 |    83 |    36 |    27 ||   233
         Triple crossbow   |       |       |       |   214 ||   214
 Invoke: Heroism           |       |       |     1 |     3 ||     4
         Finesse           |       |       |       |     1 ||     1
  Evoke: Wand              |       |       |     5 |     1 ||     6
    Use: Scroll            |       |     2 |     4 |    13 ||    19
         Potion            |       |       |     1 |     3 ||     4
   Stab: Sleeping          |       |     2 |       |       ||     2
 Armour: Leather armour    |    23 |    21 |       |       ||    44
         Ring mail         |       |    34 |   161 |    73 ||   268
         Acid dragon scale |       |       |       |   116 ||   116
  Dodge: Dodged            |    38 |    66 |   206 |   193 ||   503

Table legend: (Time is in decaauts)
 A = Elapsed time spent in this place.
 B = Non-inter-level travel time spent in this place.
 C = Inter-level travel time spent in this place.
 D = Time resting spent in this place.
 E = Time spent auto-exploring this place.
 F = Levels seen in this place.
 G = Mean time per level.
                   A        B        C        D        E       F      G
               +--------+--------+--------+--------+--------+-----+--------+
         Total |  10934 |  10585 |    349 |   1521 |   6971 |  14 |  781.0 |
       Dungeon |  10855 |  10518 |    337 |   1521 |   6927 |  12 |  904.6 |
        Temple |     71 |     59 |     12 |      0 |     44 |   1 |   71.0 |
      Ice Cave |      7 |      7 |      0 |      0 |      0 |   1 |    7.0 |
               +--------+--------+--------+--------+--------+-----+--------+

Top non-repeatable levels by time:
     D:8: 1767 daAuts
    D:10: 1622 daAuts
    D:11: 1353 daAuts
     D:9: 1302 daAuts
     D:6: 851 daAuts
     D:4: 773 daAuts
     D:7: 764 daAuts
     D:2: 686 daAuts
     D:3: 613 daAuts
     D:1: 569 daAuts
     D:5: 544 daAuts
  Temple: 71 daAuts
   IceCv: 7 daAuts
    D:12: 7 daAuts
